cohdb
Replays
Latest Replays
All Replays
Popular Replays
Top Player Replays
Match Explorer
How It Works
Community
CoH3 Stats
Reddit
Sign in to upload your games and track your stats! →
Sign in with Steam
Match 41425869
Unlisted
Match 41425869
Overview
Messages
Build Orders
End
Construct Section Command Post
Selects Canadian Shock Battlegroup
Dingo Light Scout Car
Infantry Section
Infantry Section
Selects Attacking Spirit
Selects Canadian Shock Section
Canadian Shock Section
Grenade Package
ML 3-inch Mortar Team
Canadian Shock Section
Construct Platoon Command Post
Construct Company Command Post
Unlock M3 Grant Medium Tanks
M3 Grant Medium Tank
CMP 15cwt Truck
Selects Incendiary Munitions
Selects Pyrotechnics
6-pounder Anti-tank Gun Team
Canadian Shock Section
Infantry Training
M3 Grant Medium Tank
Selects Demolition Engineering
Demolition Engineering
McCurtis
DPJ_realy
Ouraganco
Ordena JR
Mr Gloambury
Danihell
Fallenschirmjäger
Mael Radec
0
0
Comments
sign in to comment!
No comments posted yet!